 Dungeon Crawl Stone Soup version 0.29.0-5-ge4962eb29e (webtiles) character file.

Game seed: 10253078836705234518

9734 greasedhog the Basher (level 11, -21/91 (94) HPs)
             Began as a Gargoyle Berserker on Aug 30, 2022.
             Was an Elder of Trog.
             Demolished by an orc warlord
             ... wielding a +0 battleaxe
              (26 damage)
             ... on level 2 of the Orcish Mines.
             The game lasted 00:18:10 (12034 turns).

greasedhog the Basher (Gargoyle Berserker)         Turns: 12034, Time: 00:18:11

HP:   -21/91 (94)   AC: 32    Str: 25    XL:     11   Next: 51%
MP:   11/11         EV: 13    Int:  8    God:    Trog [****..]
Gold: 346           SH:  0    Dex:  9    Spells: 10/10 levels left

rFire   . . .      SeeInvis .   L - +2 morningstar (protect)
rCold   . . .      Faith    .   (no shield)
rNeg    + . .      Spirit   .   B - +3 chain mail
rPois   ∞          Reflect  .   e - +0 helmet
rElec   +          Harm     .   w - +0 cloak
rCorr   .          Rampage  .   K - +0 pair of gloves
Will    +++..                   (no boots)
Stlth   ..........              (no amulet)
HPRegen 1.25/turn               g - ring of willpower
MPRegen 0.12/turn               l - ring of Trepidation {EV+4 Slay+3}

@: berserking (expiring), strong-willed, under a protective aura, regenerating,
hasted, lightly drained, very quick
A: sickness immunity, AC +8, negative energy resistance 1, electricity
resistance, torment resistance 1, petrification resistance
a: Renounce Religion, Berserk, Trog's Hand, Brothers in Arms


You were on level 2 of the Orcish Mines.
You worshipped Trog.
Trog was greatly pleased with you.
You visited 3 branches of the dungeon, and saw 13 of its levels.

You collected 888 gold pieces.
You spent 542 gold pieces at shops.

Inventory:

Hand Weapons
 L - a +2 morningstar of protection (weapon)
Missiles
 d - 42 poisoned darts (quivered)
Armour
 e - a +0 helmet (worn)
 w - a +0 cloak (worn)
 B - a +3 chain mail (worn)
 K - a +0 pair of gloves (worn)
Jewellery
 g - a ring of willpower (left hand)
 k - a ring of positive energy
 l - the ring of Trepidation (right hand) {EV+4 Slay+3}
   (You found it on level 2 of the Dungeon)

   [ring of evasion]

   EV:        It affects your evasion (+4).
   Slay:      It affects your accuracy & damage with ranged weapons and melee
   (+3).
 r - a ring of ice
Wands
 a - a wand of roots (14)
 x - a wand of quicksilver (11)
 y - a wand of flame (16)
 E - a wand of mindburst (27)
Scrolls
 i - 6 scrolls of enchant armour
 n - 2 scrolls of enchant weapon
 q - 3 scrolls of teleportation
 s - 3 scrolls of magic mapping
 t - a scroll of vulnerability
 v - a scroll of immolation
 D - 2 scrolls of torment
 F - a scroll of poison
 H - a scroll of silence {unknown}
Potions
 b - 3 potions of brilliance {unknown}
 c - 4 potions of attraction {unknown}
 f - 2 potions of invisibility
 h - 6 potions of curing
 j - a potion of heal wounds
 m - 4 potions of berserk rage {unknown}
 o - 3 potions of flight {unknown}
 p - 2 potions of mutation {unknown}
 z - 2 potions of degeneration {unknown}
 A - a potion of magic {unknown}
 C - 2 potions of haste
 G - a potion of lignification {unknown}
 I - a potion of ambrosia {unknown}


   Skills:
 - Level 5.0 Fighting
 * Level 12.9 Maces & Flails
 - Level 6.0 Armour
 - Level 5.1 Dodging
 * Level 8.4 Evocations


You had 10 spell levels left.
You didn't know any spells.
Your spell library was empty.

Dungeon Overview and Level Annotations

Branches:
Dungeon (10/15)            Temple (1/1) D:4            Lair (0/5) D:10
    Orc (2/2) D:10            Elf (0/3) Orc:2

Altars:
Hepliaklqana
Kikubaaqudgha
Makhleb
Nemelex Xobeh
Ru
Sif Muna
Trog
Vehumet
Xom
Yredelemnul
The Shining One

Shops:
D:2 [   D:9 (!**(   D:10 [   Orc:1 (

Annotations:
D:6 3 runed translucent doors, nickcage's ghost, novice MiAK


Innate Abilities, Weirdness & Mutations

You are immune to sickness and miasma.
Your stone body is resilient. (AC +8)
You are immune to poison.
You resist negative energy. (rN+)
You are resistant to electric shocks. (rElec)
You are resistant to unholy torment.
You are immune to petrification.


Message History

The orc warlord is moderately wounded.
The orc hits you with a +0 dagger. The orc hits you with a +0 hand axe.
The orc warlord hits you with a +0 battleaxe!
You barely miss the orc warlord.
The orc warlord is moderately wounded.
The orc hits you but does no damage. x3
The orc warlord hits you with a +0 battleaxe.
The orc warrior misses you.
You barely miss the orc warlord.
The orc warlord is moderately wounded.
You hit the orc warlord.
The orc warlord is moderately wounded.
The warg bites you but does no damage. The orc misses you.
The orc hits you but does no damage.
The orc warlord hits you with a +0 battleaxe!
* * * LOW HITPOINT WARNING * * *
The orc warrior closely misses you.
You barely miss the orc warlord.
The orc warlord is moderately wounded.
The warg bites you but does no damage.
You hit the orc warlord.
The orc warlord is moderately wounded.
The orc barely misses you. The orc misses you.
The orc warlord hits you but does no damage.
The orc warrior hits you but does no damage.
You hit the orc warlord.
The orc warlord is moderately wounded.
The warg barely misses you.
You barely miss the orc warlord. You punch the orc warlord.
The orc warlord is heavily wounded.
The orc hits you but does no damage. The orc warrior barely misses you.
The warg bites you but does no damage. The orc closely misses you.
The orc warlord hits you with a +0 battleaxe!!
* * * LOW HITPOINT WARNING * * *
The orc warrior hits you but does no damage.
You puncture the orc warlord!
The orc warlord is heavily wounded.
The warg bites you but does no damage. The orc hits you but does no damage.
The orc warlord hits you with a +0 battleaxe!!
You die...

......#...^..##
......#.......##
.....###.......#
....###.......##
#............##
#.......))..##
####.....#.##
#....h###
#....o@o#
..$....ooo###
.........o...##
....###.......#
.... ##......#
... ###..####
#....)#
......#<.#
.$....#.##


You could see an orc warlord, a warg, 2 orc warriors and 3 orcs.

Vanquished Creatures
  A hydra (D:9)
  A komodo dragon (D:10)
  2 trolls (D:9)
  Prince Ribbit (D:8)
  A culicivora (shapeshifter) (D:9)
  Sigmund (D:6)
  A vampire (D:10)
  3 shadows
  8 yaks
  2 wraiths (D:10)
  3 wyverns
  6 steam dragons
  A warg (D:10)
  2 water moccasins (D:6)
  Duvessa (D:6)
  9 orc warriors
  5 ice beasts
  2 black bears
  A sky beast (D:7)
  3 ogres
  2 phantoms
  4 kobold brigands
  2 bullfrogs
  3 scorpions
  6 wights
  Dowan (D:6)
  3 killer bees (D:9)
  2 howler monkeys
  3 jellies
  4 hounds
  12 orc priests
  2 iguanas
  12 orc wizards
  4 gnolls (D:5)
  4 adders
  A shadow imp (D:6)
  A white imp (D:6)
  2 worms
  3 dart slugs
  44 orcs
  6 ball pythons
  4 bats
  4 endoplasms
  3 giant cockroaches
  4 goblins
  10 hobgoblins
  4 jackals (D:4)
  3 quokkas (D:1)
  A frilled lizard (D:1)
  19 kobolds
  5 rats
232 creatures vanquished.

Vanquished Creatures (others)
  An orc (Orc:1)
  5 plants (D:10)
6 creatures vanquished.

Grand Total: 238 creatures vanquished

Notes
Turn   | Place    | Note
-------+----------+-------------------------------------------
     0 | D:1      | greasedhog the Gargoyle Berserker began the quest for the
                  | Orb.
     0 | D:1      | Reached XP level 1. HP: 14/14 MP: 1/1
   434 | D:1      | Reached XP level 2. HP: 19/19 MP: 2/2
   938 | D:2      | Found Dokhloog's Armour Shoppe.
   951 | D:2      | Bought a +0 helmet for 63 gold pieces
  1489 | D:2      | Reached XP level 3. HP: 21/24 MP: 3/3
  1838 | D:2      | Found a radiant altar of Vehumet.
  1889 | D:2      | Identified the ring of Trepidation {EV+4 Slay+3}
  2054 | D:3      | Found a faded altar of an unknown god.
  2516 | D:3      | Reached ** piety under Trog
  2673 | D:3      | Reached skill level 4 in Maces & Flails
  2673 | D:3      | Reached XP level 4. HP: 30/30 MP: 4/4
  3003 | D:4      | Reached XP level 5. HP: 26/34 MP: 5/5
  3097 | D:4      | Noticed a phantom
  3107 | D:4      | Reached skill level 5 in Fighting
  3117 | D:4      | Killed a phantom
  3118 | D:4      | Reached skill level 5 in Maces & Flails
  3118 | D:4      | Reached XP level 6. HP: 31/40 MP: 6/6
  3269 | D:4      | Found a sparkling altar of Nemelex Xobeh.
  3338 | D:4      | Found a staircase to the Ecumenical Temple.
  3379 | Temple   | Entered the Ecumenical Temple
  3618 | D:5      | Entered Level 5 of the Dungeon
  3656 | D:5      | Reached skill level 6 in Maces & Flails
  3656 | D:5      | Reached XP level 7. HP: 44/44 MP: 7/7
  3809 | D:5      | Reached skill level 5 in Armour
  4304 | D:6      | Reached skill level 7 in Maces & Flails
  4304 | D:6      | Reached XP level 8. HP: 36/49 MP: 8/8
  4454 | D:6      | Noticed Dowan
  4460 | D:6      | Noticed Duvessa
  4484 | D:6      | Noticed Sigmund
  4496 | D:6      | Killed Sigmund
  4500 | D:6      | Killed Dowan
  4723 | D:6      | Killed Duvessa
  4808 | D:6      | Found a burning altar of Makhleb.
  5088 | D:6      | Reached skill level 8 in Maces & Flails
  5378 | D:6      | Noticed a gargoyle
  5395 | D:6      | Reached XP level 9. HP: 46/54 MP: 9/9
  5402 | D:6      | Found a runed translucent gate.
  5402 | D:6      | Found a runed translucent gate.
  5402 | D:6      | Found a runed translucent gate.
  5403 | D:6      | Noticed nickcage's ghost (novice MiAK)
  5862 | D:7      | You fall into a shaft and drop 2 floors!
  5862 | D:9      | Found an ancient bone altar of Kikubaaqudgha.
  6024 | D:9      | Reached skill level 9 in Maces & Flails
  6031 | D:9      | Reached skill level 5 in Dodging
  6034 | D:9      | Reached skill level 1 in Evocations
  6085 | D:9      | Found Iritem's Weapon Shop.
  6599 | D:9      | Noticed a troll
  6611 | D:9      | Killed a troll
  6612 | D:9      | Reached skill level 10 in Maces & Flails
  6615 | D:9      | Reached XP level 10. HP: 59/59 MP: 10/10
  7030 | D:7      | Found a shimmering altar of Xom.
  7032 | D:7      | Found a basalt altar of Yredelemnul.
  7033 | D:7      | Found a bloodstained altar of Trog.
  7673 | D:8      | Noticed Prince Ribbit
  7691 | D:8      | Killed Prince Ribbit
  7868 | D:8      | Reached *** piety under Trog
  7869 | D:8      | Reached skill level 5 in Evocations
  8077 | D:8      | Found a shimmering blue altar of Sif Muna.
  8081 | D:8      | Found a hazy altar of Hepliaklqana.
  8342 | D:9      | Noticed a five-headed hydra
  8353 | D:9      | Reached skill level 11 in Maces & Flails
  8360 | D:9      | Killed a five-headed hydra
  8508 | D:9      | Identified the +6 trident "Gomenobe" {vorpal, Int+4}
  8714 | D:9      | Found Paneidel's Weapon Boutique.
  8724 | D:9      | Found Ewkidan's Assorted Antiques.
  9079 | D:9      | Found Punugach's General Store.
  9086 | D:9      | Bought a potion of heal wounds for 70 gold pieces
  9086 | D:9      | Bought a potion of curing for 42 gold pieces
  9284 | D:9      | Found Fucw's Distillery.
  9289 | D:9      | Bought a potion of haste for 150 gold pieces
  9637 | D:10     | Entered Level 10 of the Dungeon
  9776 | D:10     | Reached skill level 12 in Maces & Flails
  9776 | D:10     | Reached XP level 11. HP: 51/63 MP: 11/11
  9979 | D:10     | Found a staircase to the Orcish Mines.
 10057 | D:10     | Found Virath's Armour Emporium.
 10179 | D:10     | Reached **** piety under Trog
 10596 | D:10     | Found a staircase to the Lair.
 10997 | Orc:1    | Entered Level 1 of the Orcish Mines
 11542 | Orc:1    | Found Hisoxkoc's Antique Weapon Emporium.
 11553 | Orc:1    | Bought a runed morningstar for 217 gold pieces
 11643 | Orc:2    | Entered Level 2 of the Orcish Mines
 11659 | Orc:2    | Found a staircase to the Elven Halls.
 11914 | Orc:1    | Noticed an orc sorcerer
 11916 | Orc:1    | Noticed an orc warlord
 12014 | Orc:1    | Noticed an orc knight
 12033 | Orc:2    | HP: 4/91 [orc warlord/+0 battleaxe (21)]
 12034 | Orc:2    | Demolished by an orc warlord

Illustrated notes

Levels and vault maps discovered:
D:1:      psy_arrival_whirlpool, layout_basic
D:2:      layout_loops_corners, serial_shops, nicolae_lakefront_shop,
          basic_altar
D:3:      layout_loops_cross, serial_glass, glass_columns_b, glass_columns_a,
          shapermc_ecumenical_altar_starsandcircs, glass_columns_b,
          minmay_misc_feat_pillars, hangedman_decor_growths
D:4:      minmay_spotlight, layout_basic, nemelex_spade_bored_becter,
          minmay_temple_entry_proselytizer
D:5:      layout_rooms
D:6:      layout_layer_cave, mainiacjoe_overflow_surrounded_room,
          gammafunk_ghost_split, uniq_duvessa, uniq_sigmund
D:7:      layout_basic, gammafunk_temple_overflow_forgotten
D:8:      layout_cave_pools, minitemple, uniq_prince_ribbit1
D:9:      wad_arrow_thing, layout_long_grid, nicolae_overflow_crystal_walls,
          serial_shops, nicolae_square_shop, shop, nicolae_shop_waterfront,
          nicolae_shop_bloodbath_and_beyond, nicolae_shop_statue_plus
D:10:     layout_loops_ring, david_lair_shrubbed, orc_david_3
Temple:   nicolae_temple_great_sept
Orc:1:    layout_caves, serial_shops, shop, uniq_nergalle
Orc:2:    grunt_orc_tribal_feast, layout_diamond_mine

Skill      XL: |  1  2  3  4  5  6  7  8  9 10 11 |
---------------+----------------------------------+-----
Fighting       | 4 5 |  5.0
Maces & Flails | 4 5 6 7 8 10 12 | 12.9
Armour         | 3 4 6 |  6.0
Dodging        | 4 5 |  5.1
Evocations     | 3 7 8 |  8.4

Action                   |  1- 3 |  4- 6 |  7- 9 | 10-12 || total
-------------------------+-------+-------+-------+-------++-------
Melee: Mace              |   106 |    91 |       |       ||   197
       Flail             |       |    17 |   232 |   472 ||   721
       Punch             |       |     1 |     4 |     9 ||    14
       Morningstar       |       |       |       |    60 ||    60
Throw: Dart              |     3 |     2 |       |       ||     5
Invok: Berserk           |     1 |     2 |     6 |     6 ||    15
       Trog's Hand       |       |     1 |     5 |     2 ||     8
Evoke: Wand              |       |       |     1 |       ||     1
  Use: Scroll            |     3 |       |     4 |     8 ||    15
       Potion            |       |       |     1 |     2 ||     3
Armor: Animal skin       |    34 |       |       |       ||    34
       Ring mail         |     1 |    37 |    96 |       ||   134
       Steam dragon scal |       |       |       |    67 ||    67
       Plate armour      |       |       |       |   141 ||   141
       Chain mail        |       |       |       |    51 ||    51
Dodge: Dodged            |    53 |    88 |   171 |   378 ||   690
